 Dungeon Crawl Stone Soup version 0.31-a0-1-g4198be8af4 (webtiles) character file.

Game seed: 5390734052693690154

97 bande the Covered (level 4, -3/29 HPs)
             Began as a Gargoyle Fighter on May 2, 2023.
             Slain by an ogre
             ... wielding a +0 giant club
              (19 damage)
             ... on level 4 of the Dungeon.
             The game lasted 00:02:57 (2221 turns).

bande the Covered (Gargoyle Fighter)                Turns: 2221, Time: 00:02:59

Health: -3/29      AC: 16    Str: 19    XL:     4   Next: 68%
Magic:  4/4        EV:  7    Int:  9    God:
Gold:   224        SH:  4    Dex: 11    Spells: 3/3 levels left

rFire   . . .        a - +0 war axe
rCold   . . .        c - +0 buckler
rNeg    + . .        e - +0 chain mail
rPois   ∞            p - +0 helmet
rElec   +            o - +0 cloak
rCorr   .            (no gloves)
SInv    .            i - +0 pair of boots
Will    .....        (no amulet) Stlth
                     (no ring)
HPRegen 0.24/turn    (no ring)
MPRegen 0.09/turn

%: no passive effects
@: mighty
A: sickness immunity, AC +3, negative energy resistance 1, electricity
resistance, torment resistance 1, petrification resistance
a: no special abilities


You were on level 4 of the Dungeon.
You visited 1 branch of the dungeon, and saw 4 of its levels.

You collected 224 gold pieces.

Inventory:

Hand Weapons
 a - a +0 war axe (weapon)
Missiles
 k - 2 throwing nets (quivered)
Armour
 c - a +0 buckler (worn)
 e - a +0 chain mail (worn)
 i - a +0 pair of boots (worn)
 o - a +0 cloak (worn)
 p - a +0 helmet (worn)
Jewellery
 m - an amulet of magic regeneration
 r - an amulet of faith
Scrolls
 j - 2 scrolls of teleportation
 n - a scroll of poison
Potions
 b - 2 potions of haste
 d - 2 potions of might
 f - a potion of lignification {unknown}
 g - 2 potions of brilliance
 h - 2 potions of resistance {unknown}
 l - a potion of invisibility {unknown}
 q - a potion of magic {unknown}
 s - a potion of heal wounds {unknown}


   Skills:
 + Level 3.9 Fighting
 + Level 2.9 Axes
 + Level 4.1 Armour
 + Level 3.8 Shields


You had 3 spell levels left.
You didn't know any spells.
Your spell library was empty.

Dungeon Overview and Level Annotations

Branches:
Dungeon (4/15)
 Temple: D:4-7

Altars:
Ru
Uskayaw
The Shining One

Shops:
D:2 (   D:3 [


Innate Abilities, Weirdness & Mutations

You are immune to sickness and miasma.
Your stone body is resilient. (AC +3)
You are immune to poison.
You resist negative energy. (rN+)
You are resistant to electric shocks. (rElec)
You are resistant to unholy torment.
You are immune to petrification.


Message History

You are too injured to fight recklessly!
You are too injured to fight recklessly!
You are too injured to fight recklessly!
You are too injured to fight recklessly!
You are too injured to fight recklessly!
Unknown command.
An ogre comes into view. It is wielding a +0 giant club.
The ogre shouts!
The orc barely misses you.
You closely miss the orc priest. You hit the orc. The orc barely misses you.
You block the orc's attack.
The orc priest looks satisfied for a moment.
You hit the orc priest.
The orc priest is moderately wounded.
You closely miss the orc. You slash the orc!
You kill the orc!
You closely miss the orc. The orc hits you but does no damage.
The orc priest hits you but does no damage.
The orc barely misses you. You block the orc's attack.
The orc priest closely misses you. The orc barely misses you.
You hit the orc priest.
The orc priest is severely wounded.
You barely miss the orc. You hit the orc but do no damage.
The orc barely misses you. The orc priest closely misses you.
The orc hits you but does no damage.
Unknown command.
You slash the orc priest!
You kill the orc priest!
You hit the orc but do no damage. You barely miss the orc.
The orc hits you but does no damage. x2
You feel very mighty all of a sudden. The ogre barely misses you.
The orc hits you but does no damage. x2
Unknown command.
You slash the ogre!
The ogre is heavily wounded.
You barely miss the orc. You hit the orc. You block the orc's attack.
The orc completely misses you.
The ogre hits you with a +0 giant club!!
Ouch! That really hurt!
You die...

........##......#.....
........##...#........$.
.......#................
........................
...........#............
#......................#
#.........##............
...........#.#...o......
.......#.....#..@O....#
#.....##.......o)....#
..#.. #...##.......... #
.................
...#...........##.
.###............#
.............#
..............


You could see an ogre and 2 orcs.

Vanquished Creatures
  An orc priest (D:4)
  2 adders
  A worm (D:2)
  A dart slug (D:3)
  An orc (D:4)
  5 bats
  An endoplasm (D:1)
  A giant cockroach (D:2)
  3 goblins
  6 hobgoblins
  3 jackals (D:3)
  5 kobolds
  3 quokkas
  5 ball pythons
  3 frilled lizards (D:3)
  2 rats (D:2)
43 creatures vanquished.

Notes
Turn   | Place    | Note
-------+----------+-------------------------------------------
     0 | D:1      | bande the Gargoyle Fighter began the quest for the Orb.
     0 | D:1      | Reached XP level 1. HP: 14/14 MP: 1/1
    68 | D:1      | Reached XP level 2. HP: 19/19 MP: 2/2
   268 | D:1      | Found a faded altar of an unknown god.
   562 | D:2      | Found Ziumok's Antique Weapon Shoppe.
  1235 | D:2      | Reached XP level 3. HP: 23/23 MP: 3/3
  1483 | D:3      | Found a hide-covered altar of Uskayaw.
  1586 | D:3      | Found Woacomm's Antique Armour Emporium.
  1820 | D:3      | Found a sacrificial altar of Ru.
  1980 | D:3      | Found a glowing golden altar of the Shining One.
  2180 | D:4      | Reached skill level 4 in Armour
  2180 | D:4      | Reached XP level 4. HP: 27/29 MP: 4/4
  2215 | D:4      | Noticed an ogre
  2221 | D:4      | Slain by an ogre

Illustrated notes

Levels and vault maps discovered:
D:1:      minmay_arrival_up_and_down, layout_basic, ebering_ecumenical_altar_box
D:2:      layout_basic, serial_shops, nicolae_shop_peninsula, minmay_3d_cube
D:3:      layout_rooms, mainiacjoe_overflow_concentric_impassable,
          mainiacjoe_overflow_alcove_1, nicolae_tso_carved_into_rock,
          serial_shops, nicolae_shop_rolling_square, interstate_on_off
D:4:      layout_cave_pools, serial_shops, nicolae_shop_hallway_stairs,
          enter_ossuary_2

Skill      XL: |  1  2  3 |
---------------+----------+-----
Axes           | 2 |  2.9
Armour         | 4 |  4.1
Fighting       | |  3.9
Shields        | |  3.8

Action                     |  1- 3 |  4- 6 || total
---------------------------+-------+-------++-------
  Melee: War axe           |   108 |     8 ||   116
    Use: Scroll            |     7 |       ||     7
         Potion            |       |     1 ||     1
 Armour: Scale mail        |     9 |       ||     9
         Chain mail        |    76 |     8 ||    84
  Dodge: Dodged            |    36 |    10 ||    46
  Block: Buckler           |    34 |     3 ||    37

Table legend: (Time is in decaauts)
 A = Elapsed time spent in this place.
 B = Non-inter-level travel time spent in this place.
 C = Inter-level travel time spent in this place.
 D = Time resting spent in this place.
 E = Time spent auto-exploring this place.
 F = Levels seen in this place.
 G = Mean time per level.
                   A        B        C        D        E       F      G
               +--------+--------+--------+--------+--------+-----+--------+
         Total |   2270 |   2133 |    137 |      0 |   1726 |   4 |  567.5 |
       Dungeon |   2270 |   2133 |    137 |      0 |   1726 |   4 |  567.5 |
               +--------+--------+--------+--------+--------+-----+--------+

Top non-repeatable levels by time:
     D:2: 901 daAuts
     D:3: 728 daAuts
     D:1: 568 daAuts
     D:4: 71 daAuts
